 Dungeon Crawl Stone Soup version 0.29.0-4-gdea44cf6ec (webtiles) character file.

Game seed: 10987763000491898902

87 qw the Chopper (level 4, -5/26 HPs)
             Began as a Tengu Warper on Aug 28, 2022.
             Slain by a goblin
             ... wielding a +0 spear
             ... led by Robin
              (8 damage)
             ... on level 2 of the Dungeon.
             The game lasted 00:00:10 (1761 turns).

qw the Chopper (Tengu Warper)                       Turns: 1761, Time: 00:00:11

Health: -5/26      AC:  6    Str: 13    XL:     4   Next: 51%
Magic:  8/8        EV:  9    Int: 13    God:
Gold:   56         SH:  0    Dex: 14    Spells: 7/7 levels left

rFire   . . .      SeeInvis .   Y - +2 hand axe
rCold   . . .      Faith    .   (no shield)
rNeg    . . .      Spirit   .   l - +0 scale mail
rPois   .          Reflect  .   (helmet restricted)
rElec   .          Harm     .   (no cloak)
rCorr   .          Rampage  .   (no gloves)
Will    .....                   (boots unavailable)
Stlth   ..........              (no amulet)
HPRegen 0.08/turn               (no ring)
MPRegen 0.11/turn               (no ring)

@: no status effects
A: beak, talons 3
a: no special abilities


You were on level 2 of the Dungeon.
You visited 1 branch of the dungeon, and saw 2 of its levels.

You collected 56 gold pieces.


Innate Abilities, Weirdness & Mutations

You have a beak for a mouth.
You have claws for feet.


   Skills:
 - Level 2.0 Fighting
 + Level 5.1 Axes
 - Level 1.0 Throwing
 - Level 1.1 Armour
 - Level 2.1 Dodging
 - Level 2.0 Spellcasting
 - Level 2.4 Translocations


You had 7 spell levels left.
You didn't know any spells.
Your spell library contained the following spells:

 Spells                   Type           Power      Damage    Failure   Level
 Blink                    Tloc           14%        N/A       56%         2
 Gell's Gravitas          Tloc           7%         N/A       80%         3
 Lesser Beckoning         Tloc           7%         N/A       80%         3
 Teleport Other           Tloc           7%         N/A       80%         3
 Manifold Assault         Tloc           7%         N/A       100%        5

Inventory:

Hand Weapons
 a - a +0 club
 Y - a +2 hand axe (weapon)
Armour
 l - a +0 scale mail (worn)
Scrolls
 b - 2 scrolls of identify
 c - a scroll of acquirement {unknown}
 d - a scroll of noise {unknown}
Potions
 e - 2 potions of curing
 f - a potion of flight {unknown}
 j - a potion of attraction {unknown}
 k - a potion of haste {unknown}
 m - a potion of heal wounds {unknown}

Dungeon Overview and Level Annotations

Branches:
Dungeon (2/15)

Altars:

Shops:
D:2 ![*(:


Message History

You feel sick.
Robin points. "Kill!"
Robin hits you with a +0 club.
You barely miss Robin.
You feel sick. The goblin barely misses you. Robin barely misses you.
You hit Robin. You claw Robin, but do no damage.
Robin is lightly wounded.
You hit the hobgoblin.
You feel sick. The goblin closely misses you. The hobgoblin closely misses you.
Robin hits you but does no damage.
You hit the hobgoblin.
You kill the hobgoblin!
You hit Robin.
You feel sick.
The goblin hits you from afar with a +0 spear!
Robin closely misses you.
You slash Robin! You punch Robin, but do no damage.
Robin is almost dead.
You feel sick. The goblin closely misses you.
Robin drinks a potion.
Robin is healed!
You barely miss Robin.
Robin is severely wounded.
You feel sick. The goblin hits you but does no damage.
Robin roars a battlecry!
The goblin goes into a battle-frenzy!
You hear a bark!
You closely miss Robin. Your kick misses Robin.
Robin is severely wounded.
You feel sick.
You are no longer poisoned.
You hear a bark!
A jackal comes into view.
The goblin closely misses you. Robin hits you but does no damage.
A jackal comes into view.
Robin hits you with a +0 club. The goblin hits you but does no damage.
The jackal moves out of view.
You hit Robin. You claw Robin.
You kill Robin!
The goblin hits you from afar with a +0 spear!
You die...

..........(.........
#.##............g.g. h#
..................g. .
.###........g...g.g..#
...7........g....g...#
.#........g..# #.###
.#7\7........# #....
<.%..........####).#
...7##.....##gg.@%#
..............##).#
..####...#....##.##
.........#....##.# .#
..#......#.##....# .#
.........#.......### .#
.##......#.........### .#
....\....#.......#...# .#
###.......#...##.###.##.#


You could see a jackal and 2 goblins.

Vanquished Creatures
  Jessica (D:2)
  Robin (D:2)
  An adder (D:2)
  A dart slug (D:1)
  3 endoplasms
  3 giant cockroaches (D:1)
  6 hobgoblins
  4 jackals (D:2)
  3 kobolds
  4 quokkas (D:1)
  6 ball pythons (D:1)
  3 bats (D:1)
  4 frilled lizards (D:1)
  3 goblins
  4 rats
47 creatures vanquished.

Notes
Turn   | Place    | Note
-------+----------+-------------------------------------------
     0 | D:1      | qw the Tengu Warper began the quest for the Orb.
     0 | D:1      | Reached XP level 1. HP: 12/12 MP: 4/4
     0 | D:1      | 0 ||| qw: Version: 0.1-a-89-g26bdef1
     0 | D:1      | 0 ||| qw: Game counter: 2924
     0 | D:1      | 0 ||| qw: Always use a shield: true
     0 | D:1      | 0 ||| qw: God list: Okawaru
     0 | D:1      | 0 ||| qw: Allow faded altars: false
     0 | D:1      | 0 ||| qw: Do Orc after D:15 true
     0 | D:1      | 0 ||| qw: Do second Lair branch before Depths: true
     0 | D:1      | 0 ||| qw: Lair rune preference: random
     0 | D:1      | 0 ||| qw: Plans: Normal
     0 | D:1      | 0 ||| PLANNING D:1-11
   110 | D:1      | 110 ||| Stepping ~*~*~tactically~*~*~ (stealth).
   113 | D:1      | 113 ||| Stepping ~*~*~tactically~*~*~ (stealth).
   121 | D:1      | Reached skill level 3 in Axes
   121 | D:1      | Reached XP level 2. HP: 14/17 MP: 6/6
   300 | D:1      | 300 ||| Stepping ~*~*~tactically~*~*~ (hiding).
   474 | D:1      | 474 ||| Stepping ~*~*~tactically~*~*~ (stealth).
   501 | D:1      | Reached XP level 3. HP: 18/21 MP: 7/7
   642 | D:1      | Reached skill level 4 in Axes
   938 | D:1      | 938 ||| UPGRADING to +0 ring mail.
   948 | D:1      | 948 ||| DROPPING +0 leather armour.
   949 | D:1      | 949 ||| UPGRADING to +0 scale mail.
   959 | D:1      | 959 ||| DROPPING +0 ring mail.
   960 | D:1      | 960 ||| READING scroll labelled GUSTOI MEONT.
   965 | D:1      | 965 ||| READING 2 scrolls labelled HOULIW LYOS.
   966 | D:1      | 966 ||| READING scroll labelled EQOGEG MEUGRE.
   967 | D:1      | 967 ||| READING scroll labelled ZEEXAASUSI.
   968 | D:1      | 968 ||| DRINKING 2 bubbling brown potions.
   969 | D:1      | 969 ||| DROPPING scroll of blinking.
   970 | D:1      | 970 ||| DROPPING scroll of summoning.
   987 | D:2      | Found Ret Ohuq's Assorted Antiques.
   997 | D:2      | 997 ||| Stepping ~*~*~tactically~*~*~ (stealth).
   998 | D:2      | 998 ||| Stepping ~*~*~tactically~*~*~ (stealth).
  1002 | D:2      | 1002 ||| Stepping ~*~*~tactically~*~*~ (stealth).
  1003 | D:2      | 1003 ||| Stepping ~*~*~tactically~*~*~ (stealth).
  1060 | D:2      | 1060 ||| SHOPLISTING buckler (117 gold, have 13).
  1060 | D:2      | 1060 ||| SHOPLISTING green potion (23 gold, have 13).
  1060 | D:2      | 1060 ||| SHOPLISTING scroll labelled YGGEYCW JANYL (26
                  | gold, have 13).
  1060 | D:2      | 1060 ||| SHOPLISTING scroll labelled YSITOI MEIN (26 gold,
                  | have 13).
  1064 | D:2      | Found Pegur's Distillery.
  1066 | D:2      | Noticed Jessica
  1074 | D:2      | Killed Jessica
  1075 | D:2      | Reached XP level 4. HP: 8/26 MP: 8/8
  1292 | D:2      | 1292 ||| SHOPLISTING potion of curing (36 gold, have 20).
  1292 | D:2      | 1292 ||| SHOPLISTING potion of haste (120 gold, have 20).
  1292 | D:2      | 1292 ||| SHOPLISTING potion of heal wounds (60 gold, have
                  | 20).
  1292 | D:2      | 1292 ||| SHOPLISTING potion of mutation (96 gold, have 20).
  1306 | D:2      | Found Iddal's Armour Boutique.
  1345 | D:2      | 1345 ||| SHOPLISTING +0 chain mail (58 gold, have 40).
  1345 | D:2      | 1345 ||| SHOPLISTING +1 hat of willpower (208 gold, have
                  | 40).
  1345 | D:2      | 1345 ||| SHOPLISTING +1 plate armour of cold resistance
                  | (455 gold, have 40).
  1391 | D:2      | Found Zymili's Antique Weapon Shop.
  1405 | D:2      | HP: 6/26 [poisoned by an adder]
  1682 | D:2      | 1682 ||| SHOPLISTING war axe (77 gold, have 40).
  1682 | D:2      | 1682 ||| SHOPLISTING whip (55 gold, have 40).
  1682 | D:2      | Found Fuaged's Book Boutique.
  1711 | D:2      | 1711 ||| READING scroll of enchant weapon.
  1711 | D:2      | 1711 ||| ENCHANTING +1 hand axe.
  1738 | D:2      | Noticed Robin
  1739 | D:2      | 1739 ||| Stepping ~*~*~tactically~*~*~ (hiding).
  1741 | D:2      | 1741 ||| Stepping ~*~*~tactically~*~*~ (hiding).
  1745 | D:2      | Reached skill level 5 in Axes
  1745 | D:2      | 1745 ||| Stepping ~*~*~tactically~*~*~ (hiding).
  1746 | D:2      | 1746 ||| Stepping ~*~*~tactically~*~*~ (hiding).
  1748 | D:2      | 1748 ||| Stepping ~*~*~tactically~*~*~ (hiding).
  1757 | D:2      | HP: 6/26 [goblin/+0 spear[Robin] (8)]
  1760 | D:2      | HP: 2/26 [Robin/+0 club (1)]
  1761 | D:2      | Killed Robin
  1761 | D:2      | Slain by a goblin

Levels and vault maps discovered:
D:1:      dpeg_arrival_pits, layout_basic
D:2:      layout_rooms, serial_shops, nicolae_diamond_shop,
          nicolae_shop_window_shopping, shop_statue, shop, nicolae_shop_trees,
          dreamdust_ecumenical_altar_angels_and_demons, uniq_terence,
          uniq_robin, uniq_jessica

Skill      XL: |  1  2  3  4 |
---------------+-------------+-----
Axes           | 3 4 5 |  5.1
Fighting       | |  2.0
Throwing       | |  1.0
Armour         | |  1.1
Dodging        | |  2.1
Spellcasting   | |  2.0
Translocations | |  2.4

Action                   |  1- 3 |  4- 6 || total
-------------------------+-------+-------++-------
Melee: Hand axe          |    77 |    21 ||    98
       Kick              |    12 |     6 ||    18
       Peck              |    12 |     1 ||    13
       Punch             |       |     1 ||     1
Throw: Boomerang         |     7 |       ||     7
  Use: Scroll            |     4 |     1 ||     5
       Potion            |     1 |       ||     1
Armor: Leather armour    |    20 |       ||    20
       Scale mail        |     4 |     7 ||    11
Dodge: Dodged            |    33 |    11 ||    44

Table legend:
 A = Non-vault XP
 B = Vault XP
 C = Vault XP percentage of total XP
 D = Non-vault monster count
 E = Vault monster count
 F = Vault count percentage of total count
                 A         B        C        D         E       F
            +---------+---------+-------+---------+---------+-------
      Total |      76 |      64 |  45.7 |      39 |       8 |  17.0
            +---------+---------+-------+---------+---------+-------
        D:1 |      50 |       0 |   0.0 |      31 |       0 |   0.0
        D:2 |      26 |      64 |  71.1 |       8 |       8 |  50.0
            +---------+---------+-------+---------+---------+-------
